 Dungeon Crawl Stone Soup version 0.29.1-1-gd02db6906a (webtiles) character file.

Game seed: 6838423256431807273

2768 GeoRichter the Slicer (level 9, 0/59 (62) HPs)
             Began as a Demonspawn Gladiator on Oct 17, 2022.
             Was an Elder of Dithmenos.
             Slain by a wight
             ... wielding a +4 scimitar of freezing
              (8 damage)
             ... on level 7 of the Dungeon.
             The game lasted 00:20:04 (10764 turns).

GeoRichter the Slicer (Demonspawn Gladiator)       Turns: 10764, Time: 00:20:05

HP:   0/59 (62)     AC:  6    Str: 14    XL:     9   Next: 42%
MP:   0/9           EV: 12    Int: 11    God:    Dithmenos [****..]
Gold: 342           SH:  0    Dex: 18    Spells: 8/8 levels left

rFire   . . .      SeeInvis +   x - +1 dagger (speed)
rCold   . . .      Faith    .   (no shield)
rNeg    . . .      Spirit   +   b - +0 leather armour
rPois   .          Reflect  .   c - +0 helmet
rElec   .          Harm     .   o - +0 cloak
rCorr   .          Rampage  .   p - +0 pair of gloves
Will    +....                   (no boots)
Stlth   +++++.....              (no amulet)
HPRegen 0.19/turn               h - ring of see invisible
MPRegen 0.22/turn               l - ring of willpower

@: wreathed by umbra, lightly drained
A: powered by pain 1, magic shield, magic regeneration, weakness stinger 2
a: Renounce Religion, Shadow Step


You were on level 7 of the Dungeon.
You worshipped Dithmenos.
Dithmenos was greatly pleased with you.
You visited 1 branch of the dungeon, and saw 7 of its levels.

You collected 391 gold pieces.
You spent 49 gold pieces at shops.

Inventory:

Hand Weapons
 t - a +3 short sword
   (You took it off a kobold on level 4 of the Dungeon)
 x - a +1 dagger of speed (weapon)
   (You took it off an orc on level 5 of the Dungeon)
Missiles
 d - 2 throwing nets {!f}
 k - a javelin
 r - 4 silver javelins
Armour
 b - a +0 leather armour (worn)
 c - a +0 helmet (worn)
 o - a +0 cloak (worn)
   (You bought it in a shop on level 2 of the Dungeon)
 p - a +0 pair of gloves (worn)
   (You found it on level 3 of the Dungeon)
Jewellery
 h - a ring of see invisible (left hand)
   (You found it on level 1 of the Dungeon)
 l - a ring of willpower (right hand)
   (You found it on level 5 of the Dungeon)
Scrolls
 f - a scroll of enchant weapon {unknown}
 g - 9 scrolls of identify {unknown}
 j - a scroll of noise {!r}
 m - a scroll of enchant armour {unknown}
 n - a scroll of magic mapping {unknown}
 q - a scroll of amnesia {unknown}
 y - a scroll of fear {unknown}
 z - a scroll of poison {unknown}
Potions
 a - 2 potions of mutation {unknown}
 e - 2 potions of curing {unknown}
 s - a potion of magic {unknown}
 u - 2 potions of degeneration {unknown}
 v - a potion of flight {unknown}
 w - a potion of brilliance {unknown}


   Skills:
 - Level 2.5 Fighting
 * Level 9.5 Short Blades
 - Level 3.4 Maces & Flails
 - Level 1.7 Throwing
 - Level 2.6 Dodging
 + Level 7.2 Stealth


You had 8 spell levels left.
You didn't know any spells.
Your spell library contained the following spells:

 Spells                   Type           Power      Damage    Failure   Level
 Static Discharge         Conj/Air       0%         3-3/arc   56%         2
 Confusing Touch          Hex            0%         N/A       80%         3
 Animate Armour           Summ/Erth      0%         N/A       99%         4
 Dispel Undead            Necr           0%         3d6       99%         4
 Sticky Flame             Conj/Fire      0%         2d3       99%         4
 Blade Hands              Tmut           0%         N/A       100%        5
 Yara's Violent Unravell  Hex/Tmut       0%         3d3       100%        5
 Iron Shot                Conj/Erth      0%         9d1       100%        6
 Enfeeble                 Hex            0%         N/A       100%        7


Dungeon Overview and Level Annotations

Branches:
Dungeon (7/15) Zot: 25804  Temple (0/1) D:7

Altars:
Dithmenos
Hepliaklqana
Qazlal
Sif Muna
Uskayaw
Vehumet
Xom

Shops:
D:2 [??

Annotations:
D:4 1 runed translucent door, Crazy Yiuf
D:6 3 runed translucent doors, Earthwalker's ghost, novice MiFi
D:7 Maggie; Pikel


Innate Abilities, Weirdness & Mutations

You sometimes gain a little power by taking damage.
When hurt, damage is shared between your health and your magic reserves.
You regenerate magic rapidly.
You have a tail ending in a sharp stinger.


Message History

The orc warrior completely misses you.
A wight comes into view.
It is wielding a +4 scimitar of freezing.
Found a stone staircase leading up.
The orc shouts!
The orc barely misses you.
You hear a shout!
Okay, then.
As you read the scroll of teleportation {@r4}, it crumbles to dust.
You feel strangely unstable.
You barely miss the orc warrior. You closely miss the wight.
The orc warrior closely misses you.
You barely miss the wight. You barely miss the wight.
The wight closely misses you.
You hit the orc warrior but do no damage.
You hit the orc warrior. You closely miss the orc warrior.
The wight hits you with a +4 scimitar of freezing.
* * * LOW HITPOINT WARNING * * *
You feel drained.
* * * LOW HITPOINT WARNING * * *
The wight freezes you.
You completely miss the orc warrior. The orc warrior closely misses you.
Unknown command.
You hit the orc warrior but do no damage.
Your surroundings suddenly seem different.
An ice beast comes into view.
Things that are here:
a +2 whip of flaming; an orc corpse
Things that are here:
a +0 dagger; an orc corpse Maggie opens the door.
The wight attacks as you move away!
The wight hits you with a +4 scimitar of freezing.
* * * LOW HITPOINT WARNING * * *
The wight freezes you.
* * * LOW HITPOINT WARNING * * *
Maggie zaps a wand.
The bolt of dispelling energy misses you.
The wight attacks as you move away!
The wight hits you with a +4 scimitar of freezing!
* * * LOW HITPOINT WARNING * * *
You feel drained.
* * * LOW HITPOINT WARNING * * *
The wight freezes you.
* * * LOW HITPOINT WARNING * * *
The wight attacks as you move away! The wight barely misses you.
Found a stone staircase leading down.
There is a stone staircase leading up here.
The wight hits you with a +4 scimitar of freezing!
You die...

#..#..#....#)#
.>.....
#.....#.#..#z#
.......
.##......#..#.#
+###...
#.........#..#.#
####
####....o.####.#
####.......z..#
...'...o#######
####@...z....#
#### ####..@...#
#... #......#
#... #......#
###... ........#
......
.........#
....##
......###### ...
>..o.. ......


You could see Maggie, a wight and 2 orcs.

Vanquished Creatures
  Sigmund (D:3)
  2 steam dragons (D:6)
  3 water moccasins
  An orc warrior (D:6)
  An ice beast (D:6)
  A sky beast (D:7)
  A centaur (D:7)
  3 ogres
  A phantom (D:6)
  2 kobold brigands
  3 necrophages
  A scorpion (D:4)
  A wight (D:7)
  A howler monkey (D:6)
  A vampire bat (D:4)
  A jelly (D:4)
  2 gnoll boudas
  4 orc priests
  2 hounds (D:5)
  Natasha (thrice) (D:4)
  4 iguanas
  4 orc wizards
  5 gnolls
  3 adders
  3 worms
  3 fire bats (D:4)
  30 orcs
  2 spectral bats (D:4)
  5 ball pythons
  A bat simulacrum (D:4)
  3 bat skeletons (D:4)
  A bat zombie (D:4)
  8 endoplasms
  2 giant cockroaches (D:4)
  6 goblins
  5 hobgoblins
  3 quokkas
  11 bats
  10 frilled lizards
  24 kobolds
  3 rats
171 creatures vanquished.

Vanquished Creatures (others)
  An orc wizard (D:6)
  11 fungi (D:6)
12 creatures vanquished.

Grand Total: 183 creatures vanquished

Notes
Turn   | Place    | Note
-------+----------+-------------------------------------------
     0 | D:1      | GeoRichter the Demonspawn Gladiator began the quest for the
                  | Orb.
     0 | D:1      | Reached XP level 1. HP: 16/16 MP: 1/1
   349 | D:1      | Gained mutation: You regenerate magic rapidly. [demonic
                  | ancestry]
   349 | D:1      | Reached XP level 2. HP: 18/22 MP: 2/2
   956 | D:1      | Found a faded altar of an unknown god.
   971 | D:1      | Prayed at the altar of an unknown god.
   971 | D:1      | Became a worshipper of Dithmenos the Shadowed
   971 | D:1      | Reached * piety under Dithmenos
  1172 | D:2      | Found a shimmering altar of Xom.
  1229 | D:2      | Reached XP level 3. HP: 27/28 MP: 3/3
  1346 | D:2      | Found Gehiad's Magic Scroll Boutique.
  1428 | D:2      | Found Woadawnu's Magic Scroll Shoppe.
  1829 | D:2      | Found Tamep's Armour Shop.
  1839 | D:2      | Reached skill level 1 in Short Blades
  2011 | D:2      | Bought a +0 cloak for 49 gold pieces
  2456 | D:3      | Reached skill level 1 in Stealth
  2631 | D:3      | Found a hazy altar of Hepliaklqana.
  2854 | D:3      | Found a shadowy altar of Dithmenos.
  2859 | D:3      | Found a stormy altar of Qazlal.
  2961 | D:3      | Reached ** piety under Dithmenos
  2978 | D:3      | Gained mutation: You have a small tail. [demonic ancestry]
  2978 | D:3      | Reached XP level 4. HP: 34/34 MP: 4/4
  3122 | D:3      | Noticed Sigmund
  3140 | D:3      | Killed Sigmund
  3141 | D:3      | Reached skill level 3 in Short Blades
  3141 | D:3      | Gained mutation: You sometimes gain a little power by
                  | taking damage. [demonic ancestry]
  3141 | D:3      | Reached XP level 5. HP: 35/39 MP: 5/5
  3443 | D:4      | Gained mutation: You have a tail ending in a sharp stinger.
                  | [demonic ancestry]
  3443 | D:4      | Reached XP level 6. HP: 46/46 MP: 6/6
  3479 | D:3      | Reached skill level 4 in Short Blades
  3775 | D:4      | Noticed Natasha
  3791 | D:4      | Killed Natasha
  4012 | D:4      | Reached skill level 5 in Short Blades
  4012 | D:4      | Gained mutation: When hurt, damage is shared between your
                  | health and your magic reserves. [demonic ancestry]
  4012 | D:4      | Reached XP level 7. HP: 49/51 MP: 7/7
  4176 | D:4      | Reached *** piety under Dithmenos
  4483 | D:4      | Noticed Natasha
  4490 | D:4      | Killed Natasha
  4751 | D:4      | Found a runed translucent door.
  4752 | D:4      | Noticed Crazy Yiuf
  4963 | D:4      | Found a runed translucent door.
  5114 | D:4      | Noticed Natasha
  5122 | D:4      | Killed Natasha
  5141 | D:5      | Entered Level 5 of the Dungeon
  5722 | D:5      | Reached skill level 6 in Short Blades
  5827 | D:5      | Reached XP level 8. HP: 18/57 MP: 6/8
  5845 | D:5      | Reached skill level 5 in Stealth
  6739 | D:5      | Found a hide-covered altar of Uskayaw.
  7591 | D:6      | Noticed a spectral unseen horror
  7591 | D:6      | Found a runed translucent gate.
  7591 | D:6      | Found a runed translucent gate.
  7591 | D:6      | Found a runed translucent gate.
  7594 | D:6      | Noticed Earthwalker's ghost (novice MiFi)
  7626 | D:5      | Reached skill level 7 in Short Blades
  8071 | D:6      | Reached skill level 8 in Short Blades
  8459 | D:6      | Found a shimmering blue altar of Sif Muna.
  8459 | D:6      | Found a radiant altar of Vehumet.
  8511 | D:6      | Reached **** piety under Dithmenos
  8765 | D:6      | Reached XP level 9. HP: 50/62 MP: 6/9
  9513 | D:7      | Reached skill level 9 in Short Blades
  9567 | D:7      | Noticed Pikel
 10547 | D:7      | Found a staircase to the Ecumenical Temple.
 10761 | D:7      | Noticed Maggie
 10764 | D:7      | Slain by a wight

Illustrated notes

Levels and vault maps discovered:
D:1:      dpeg_arrival_line_fractal, layout_basic,
          hellmonk_ecumenical_altar_inner_sanctum
D:2:      layout_rooms, serial_shops, shop, shop, nicolae_lakefront_shop,
          basic_altar, amcnicky_mini_rare_corridor_liquid, kennysheep_potato
D:3:      layout_basic, minitemple, mainiacjoe_overflow_alcove_1, uniq_sigmund
D:4:      layout_loops_ring, st_stairs_4, goddamned_bats,
          uniq_crazy_yiuf_cottage, uniq_natasha
D:5:      cheibrodos_quashed, layout_basic,
          nicolae_uskayaw_murder_on_the_dancefloor
D:6:      kennysheep_steamy, layout_basic, nicolae_overflow_two_pavilions,
          gammafunk_ghost_necromancy
D:7:      layout_basic, minmay_temple_entry_slanted, uniq_pikel, uniq_maggie

Skill      XL: |  1  2  3  4  5  6  7  8  9 |
---------------+----------------------------+-----
Maces & Flails | 3 |  3.4
Short Blades   | 1 3 5 6 8 9 |  9.5
Stealth        | 1 2 3 4 6 7 |  7.2
Fighting       | |  2.5
Throwing       | |  1.7
Dodging        | |  2.6

Action                   |  1- 3 |  4- 6 |  7- 9 || total
-------------------------+-------+-------+-------++-------
Melee: Flail             |    46 |       |       ||    46
       Punch             |     2 |     2 |     8 ||    12
       Dagger            |   172 |    42 |   500 ||   714
       Tailslap          |       |    19 |   110 ||   129
       Short sword       |       |    99 |   149 ||   248
Throw: Javelin           |     2 |     5 |       ||     7
       Throwing net      |     1 |       |       ||     1
Evoke: Wand              |       |       |    16 ||    16
  Use: Scroll            |       |       |     3 ||     3
       Potion            |       |       |     1 ||     1
 Stab: Sleeping          |     2 |     5 |     8 ||    15
       Held in net/web   |     1 |       |       ||     1
       Distracted        |       |       |     1 ||     1
Armor: Leather armour    |    29 |    56 |    78 ||   163
Dodge: Dodged            |   118 |   124 |   283 ||   525
